 Dungeon Crawl Stone Soup version 0.30-a0-141-g30f27751c5 (webtiles) character file.

Game seed: 4341589294900709844

40 qw the Chopper (level 3, -6/23 HPs)
             Began as a Gargoyle Fighter on Sept 25, 2022.
             Killed by divine providence
             ... invoked by an orc priest
              (10 damage)
             ... on level 3 of the Dungeon.
             The game lasted 00:00:38 (1821 turns).

qw the Chopper (Gargoyle Fighter)                   Turns: 1821, Time: 00:00:39

Health: -6/23      AC: 10    Str: 21    XL:     3   Next: 50%
Magic:  12/12      EV:  9    Int:  8    God:
Gold:   49         SH:  4    Dex:  9    Spells: 2/2 levels left

rFire   . . .      SeeInvis .    Y - +0 war axe
rCold   . . .      Faith    .    c - +0 buckler
rNeg    + + .      Spirit   .    b - +0 scale mail
rPois   inf        Reflect  .    (no helmet)
rElec   +          Harm     .    (no cloak)
rCorr   .          Rampage  .    (no gloves)
Will    .....                    (no boots)
Stlth   ..........               (no amulet)
HPRegen 0.07/turn                f - ring of the Lion {rN+ MP+9}
MPRegen 0.13/turn                (no ring)

@: about to teleport
A: sickness immunity, AC +3, negative energy resistance 1, electricity
resistance, torment resistance 1, petrification resistance
a: no special abilities


You were on level 3 of the Dungeon.
You visited 1 branch of the dungeon, and saw 3 of its levels.

You collected 49 gold pieces.


Innate Abilities, Weirdness & Mutations

You are immune to sickness and miasma.
Your stone body is resilient. (AC +3)
You are immune to poison.
You resist negative energy. (rN+)
You are resistant to electric shocks. (rElec)
You are resistant to unholy torment.
You are immune to petrification.


   Skills:
 - Level 3.2 Fighting
 + Level 3.4 Axes
 - Level 3.2 Armour
 - Level 3.2 Shields


You had 2 spell levels left.
You didn't know any spells.
Your spell library was empty.

Inventory:

Hand Weapons
 j - a +0 flail
 Y - a +0 war axe (weapon)
Armour
 b - a +0 scale mail (worn)
 c - a +0 buckler (worn)
Jewellery
 f - the ring of the Lion (left hand) {rN+ MP+9}
   (You acquired it on level 2 of the Dungeon)

   [ring of magical power]

   rN:        It protects you from negative energy.
   MP:        It affects your magic capacity (+9).
Scrolls
 k - a scroll of identify
Potions
 d - a potion of might
 e - a potion of heal wounds
 g - a potion of mutation
 h - a potion of lignification {unknown}
 i - a potion of berserk rage {unknown}
 m - 2 potions of curing
 n - a potion of brilliance {unknown}

Dungeon Overview and Level Annotations

Branches:
Dungeon (3/15)

Altars:
Dithmenos

Annotations:
D:3 Terence


Message History

Done exploring.
(D) Dungeon
Where to? (* - list waypoints, Enter - D:1, ? - help)
What level of the Dungeon? (default 1, ? - help)
There is an open door here.
There is an escape hatch in the floor here.
There is an open door here.
There is a stone staircase leading down here.
You climb downwards.
There is a stone staircase leading up here.
There is a stone staircase leading down here.
You climb downwards.
Terence shouts!
The orc shouts!
The orc priest shouts!
The orc shouts!
The hobgoblin shouts!
You hear a shout! x2
Found 2 potions of mutation.
There is a stone staircase leading up here.
There are monsters nearby!
Existing waypoints: (1) D:2 (2) D:1 Assign waypoint to what number? (0-9, D - delete waypoint) Waypoint 1 re-assigned from D:2 to D:3.
An orc comes into view. It is wielding a +0 short sword.
The orc shouts!
An orc priest comes into view. It is wielding a +0 hand axe.
An orc comes into view. It is wielding a +0 club.
Terence says, "Rest in peace."
Terence hits you with a +0 trident!
The orc priest calls down the wrath of Beogh upon you.
Beogh smites you!
Ouch! That really hurt!
The orc priest shouts!
1821 ||| READING scroll of teleportation.
As you read the scroll of teleportation, it crumbles to dust.
You feel strangely unstable.
You hear a shout!
An orc comes into view. It is wielding a +0 dagger.
Terence barely misses you.
The orc priest invokes the aid of Beogh against you.
Beogh smites you!
You die...

.
########..o
#.<...o.oo.
#..@..o....
#...@!o.###
#..g....#
#.......#
#.......#
...######
....# .....


You could see Terence, 2 orc priests, 4 orcs and a hobgoblin.

Vanquished Creatures
  2 adders (D:2)
  An orc (D:2)
  A ball python (D:2)
  An endoplasm (D:1)
  4 hobgoblins
  2 quokkas
  A bat (D:2)
  2 frilled lizards
  4 kobolds
  5 rats
23 creatures vanquished.

Notes
Turn   | Place    | Note
-------+----------+-------------------------------------------
     0 | D:1      | qw the Gargoyle Fighter began the quest for the Orb.
     0 | D:1      | Reached XP level 1. HP: 14/14 MP: 1/1
     0 | D:1      | 0 ||| qw: Version: 0.2-a-10-g399e6c4
     0 | D:1      | 0 ||| qw: Game counter: 193
     0 | D:1      | 0 ||| qw: Always use a shield: true
     0 | D:1      | 0 ||| qw: God list: Okawaru
     0 | D:1      | 0 ||| qw: Allow faded altars: false
     0 | D:1      | 0 ||| qw: Do Orc after D:15 true
     0 | D:1      | 0 ||| qw: Do second Lair branch before Depths: true
     0 | D:1      | 0 ||| qw: Lair rune preference: random
     0 | D:1      | 0 ||| qw: Plans: Normal, Zot:1-4, God:TSO, Crypt, Tomb,
                  | Pan, Slime:5, Hells, Abyss, Orb
     0 | D:1      | 0 ||| PLANNING D:1-11
    22 | D:1      | 22 ||| Stepping ~*~*~tactically~*~*~ (stealth).
   400 | D:1      | Reached XP level 2. HP: 19/19 MP: 2/2
   885 | D:1      | 885 ||| READING scroll labelled IFIGUQOAJU.
   886 | D:1      | 886 ||| READING scroll labelled BANATHRAM TORIW.
   887 | D:1      | 887 ||| READING 3 scrolls labelled AGGOBO KOHO.
   888 | D:1      | 888 ||| READING scroll labelled KAGREOTOWK.
   889 | D:1      | 889 ||| READING scroll labelled QAUMOI DEDGHYMA.
   893 | D:1      | 893 ||| READING 2 scrolls of identify.
   893 | D:1      | 893 ||| IDENTIFYING bubbling inky potion
   903 | D:2      | 903 ||| STAIRDANCE
   984 | D:2      | Reached skill level 3 in Axes
   984 | D:2      | Reached XP level 3. HP: 21/23 MP: 3/3
  1067 | D:2      | Found a shadowy altar of Dithmenos.
  1081 | D:2      | 1081 ||| DROPPING +3 whip of venom.
  1120 | D:2      | Found a faded altar of an unknown god.
  1127 | D:2      | 1127 ||| Stepping ~*~*~tactically~*~*~ (stealth).
  1653 | D:2      | 1653 ||| READING scroll labelled SIAWAEC RODYSK.
  1653 | D:2      | Identified a scroll of acquirement
  1653 | D:2      | 1653 ||| ACQUIRING ring of the Lion {rN+ MP+9}
  1653 | D:2      | Acquired the ring of the Lion {rN+ MP+9}
  1655 | D:2      | 1655 ||| UPGRADING to ring of the Lion {rN+ MP+9}.
  1656 | D:2      | 1656 ||| READING scroll labelled KIACSY OPOE.
  1657 | D:2      | 1657 ||| DRINKING 3 sapphire potions.
  1658 | D:2      | 1658 ||| READING 2 scrolls of identify.
  1658 | D:2      | 1658 ||| IDENTIFYING dark potion
  1680 | D:2      | 1680 ||| STAIRDANCE
  1684 | D:2      | 1684 ||| STAIRDANCE
  1688 | D:2      | 1688 ||| STAIRDANCE
  1692 | D:2      | 1692 ||| STAIRDANCE
  1696 | D:2      | 1696 ||| STAIRDANCE
  1700 | D:2      | 1700 ||| STAIRDANCE
  1704 | D:2      | 1704 ||| STAIRDANCE
  1708 | D:2      | 1708 ||| STAIRDANCE
  1712 | D:2      | 1712 ||| STAIRDANCE
  1716 | D:2      | 1716 ||| STAIRDANCE
  1720 | D:2      | 1720 ||| STAIRDANCE
  1724 | D:2      | 1724 ||| STAIRDANCE
  1728 | D:2      | 1728 ||| STAIRDANCE
  1732 | D:2      | 1732 ||| STAIRDANCE
  1736 | D:2      | 1736 ||| STAIRDANCE
  1740 | D:2      | 1740 ||| STAIRDANCE
  1744 | D:2      | 1744 ||| STAIRDANCE
  1748 | D:2      | 1748 ||| STAIRDANCE
  1752 | D:2      | 1752 ||| STAIRDANCE
  1819 | D:3      | Noticed Terence
  1820 | D:3      | HP: 4/23 [orc priest/divine providence (12)]
  1821 | D:3      | 1821 ||| READING scroll of teleportation.
  1821 | D:3      | Killed from afar by an orc priest

Levels and vault maps discovered:
D:1:      dpeg_arrival_connections, layout_basic
D:2:      layout_loops_ring, shapermc_ecumenical_altar_starsandcircs,
          basic_altar, grunt_ministairs_6
D:3:      layout_basic, lemuel_doored_altar, nicolae_shop_vocational,
          uniq_robin, uniq_terence

Skill      XL: |  1  2 |
---------------+-------+-----
Axes           | 2 3 |  3.4
Fighting       | |  3.2
Armour         | |  3.2
Shields        | |  3.2

Action                   || total
-------------------------++-------
Melee: War axe           ||    92
  Use: Scroll            ||    10
       Potion            ||     1
Armor: Scale mail        ||    47
Dodge: Dodged            ||    45
Block: Buckler           ||    19

Table legend:
 A = Non-vault XP
 B = Vault XP
 C = Vault XP percentage of total XP
 D = Non-vault monster count
 E = Vault monster count
 F = Vault count percentage of total count
                 A         B        C        D         E       F
            +---------+---------+-------+---------+---------+-------
      Total |      56 |       2 |   3.4 |      21 |       2 |   8.7
            +---------+---------+-------+---------+---------+-------
        D:1 |      14 |       0 |   0.0 |       9 |       0 |   0.0
        D:2 |      42 |       2 |   4.5 |      12 |       2 |  14.3
            +---------+---------+-------+---------+---------+-------
